 Dungeon Crawl Stone Soup version 0.29-a0-330-g52719c12eb (webtiles) character file.

Game seed: 2460055655039110631

3753 Leszczynek the Cleaver (level 10, 9/81 HPs)
             Began as a Human Gladiator on Apr 14, 2022.
             Was a Believer of Trog.
             Quit the game on level 10 of the Dungeon.
             The game lasted 00:20:03 (2930 turns).

Leszczynek the Cleaver (Human Gladiator)            Turns: 2930, Time: 00:20:03

Health: 9/81       AC: 19    Str: 19    XL:     10   Next: 37%
Magic:  10/10      EV:  9    Int: 10    God:    Trog [**....]
Gold:   216        SH:  0    Dex: 15    Spells: 9/9 levels left

rFire   . . .      SeeInvis .   a - +0 war axe
rCold   . . .      Faith    .   (no shield)
rNeg    . . .      Spirit   .   t - +6 chain mail "Varog" {Int+2}
rPois   .          Reflect  .   c - +0 helmet
rElec   .          Harm     .   i - +0 cloak
rCorr   .          Rampage  .   (no gloves)
Will    ++...                   k - +0 pair of boots
Stlth   ..........              (no amulet)
HPRegen 1.23/turn               g - ring of flight
MPRegen 0.12/turn               (no ring)

@: strong-willed, on berserk cooldown, flying, regenerating
A: no striking features
a: Renounce Religion, Berserk, Trog's Hand


You were on level 10 of the Dungeon.
You worshipped Trog.
Trog was pleased with you.
You visited 1 branch of the dungeon, and saw 10 of its levels.

You collected 216 gold pieces.

Inventory:

Hand Weapons
 a - a +0 war axe (weapon)
 b - a +2 hunting sling of freezing
 y - a +1 flail of protection
Missiles
 d - 2 throwing nets
 e - 4 javelins
 j - 32 poisoned darts (quivered)
 m - 2 atropa-tipped darts
 B - 2 curare-tipped darts
Armour
 c - a +0 helmet (worn)
 i - a +0 cloak (worn)
 k - a +0 pair of boots (worn)
 o - a +0 ring mail
 t - the +6 chain mail "Varog" (worn) {Int+2}
   (You took it off an orc on level 4 of the Dungeon)

   Int:       It affects your intelligence (+2).
 A - a +0 leather armour
Jewellery
 g - a ring of flight (left hand)
 h - a ring of resist corrosion
Wands
 r - a wand of paralysis (7)
 E - a wand of flame (4)
 F - a wand of acid (7)
Scrolls
 s - a scroll of immolation {!r}
 u - a scroll of fog
Potions
 f - a potion of might
 l - a potion of invisibility {unknown}
 n - 2 potions of curing {@q1}
 p - a potion of haste {unknown}
 q - a potion of mutation {unknown}
 v - a potion of heal wounds {@q2}
 w - a potion of lignification {unknown}
 z - a potion of berserk rage {!q}


   Skills:
 * Level 8.3 Fighting
 * Level 8.6 Axes
 - Level 4.0 Throwing
 + Level 5.1 Armour
 - Level 3.5 Dodging
 + Level 5.3 Evocations


You had 9 spell levels left.
You didn't know any spells.
Your spell library contained the following spells:

 Spells                   Type           Power      Damage    Failure   Level
 Freeze                   Ice            0%         1d3       98%         1
 Frozen Ramparts          Ice            0%         1d2       100%        3
 Hailstorm                Conj/Ice       0%         3d3       100%        4
 Ice Form                 Ice/Tmut       0%         N/A       100%        4
 Summon Ice Beast         Ice/Summ       0%         N/A       100%        4


Dungeon Overview and Level Annotations

Branches:
Dungeon (10/15)
 Temple: D:4-7         Lair: D:8-11         Orc: D:9-12

Altars:
Cheibriados
Fedhas
Gozag
Hepliaklqana
Okawaru
Trog
Uskayaw
Vehumet
Zin

Shops:
D:5 (   D:8 *


Message History

Okay, then.
Okay, then.
Okay, then.
Okay, then.
Aiming: Paralyse
Press: ? - help, Shift-Dir - straight line, f - yak
Aim: a yak (chance to affect: 62%)
The yak resists with significant effort.
The yak barely misses you. The death yak gores you. x2
Okay, then.
It was a potion of cancellation.
Your magical effects are unravelling.
You feel magically purged.
You feel yourself speed up. The death yak barely misses you.
The death yak gores you!
Unknown command.
Your skin crawls.
You feel strong-willed. The death yak closely misses you.
The death yak barely misses you.
Unknown command.
You're still recovering from your berserk rage.
You slash the death yak!
The death yak is lightly wounded.
You slash the death yak! The death yak gores you! The death yak gores you!!
Unknown command.
The death yak attacks as you move away! The death yak gores you!
There is a stone staircase leading down here.
Enter note: cancellation doesn't remove -berserk
Enter note: bullshit
Enter note: is cancellation really that common Unknown command.
You reach down and open the door.
The death yak gores you! The yak attacks as you move away!
The yak closely misses you. The death yak attacks as you move away!
The death yak gores you!
* * * LOW HITPOINT WARNING * * *
There is an open door here.
The death yak attacks as you move away! The death yak gores you!
* * * LOW HITPOINT WARNING * * *
Okay, then.
Are you sure you want to abandon this character and quit the game? (Confirm with "yes".)

..Y....#>....#
.......#Y....#
.#######.....#
.#...........#
.......Y.....#
.......Y.....#
......YY.....#
#######Y###..#
#.......@.#..#
#.........#..#
#.........# #
######+####


You could see 4 death yaks and a yak.

Vanquished Creatures
  A death yak (D:10)
  Psyche (D:9)
  A hornet (D:9)
  4 yaks (D:9)
  2 steam dragons
  3 orc warriors
  2 ice beasts
  A black bear (D:6)
  A centaur (D:10)
  3 kobold brigands
  A gnoll sergeant (D:6)
  3 scorpions
  2 wights (D:8)
  4 killer bees (D:9)
  A howler monkey (D:8)
  2 orc priests (D:9)
  A jelly (D:5)
  An iguana (D:6)
  A gnoll shaman (D:6)
  4 orc wizards
  A mummy (D:8)
  12 gnolls
  7 adders
  A worm (D:3)
  19 orcs
  3 ball pythons (D:4)
  6 endoplasms
  2 giant cockroaches
  4 hobgoblins
  5 jackals
  3 quokkas (D:4)
  A bat (D:1)
  A frilled lizard (D:2)
  A goblin (D:3)
  26 kobolds
131 creatures vanquished.

Vanquished Creatures (others)
  An orc priest (D:7)
1 creature vanquished.

Grand Total: 132 creatures vanquished

Notes
Turn   | Place    | Note
-------+----------+-------------------------------------------
     0 | D:1      | Leszczynek the Human Gladiator began the quest for the Orb.
     0 | D:1      | Reached XP level 1. HP: 16/16 MP: 1/1
    72 | D:1      | Reached XP level 2. HP: 10/22 MP: 2/2
   472 | D:3      | Found a bloodstained altar of Trog.
   478 | D:3      | Became a worshipper of Trog the Wrathful
   479 | D:3      | trog's fine too, fuck it
   573 | D:3      | Reached XP level 3. HP: 14/28 MP: 3/3
   773 | D:4      | Reached XP level 4. HP: 31/34 MP: 4/4
   921 | D:4      | Reached * piety under Trog
   933 | D:5      | Entered Level 5 of the Dungeon
  1031 | D:4      | Noticed a scorpion
  1043 | D:4      | Killed a scorpion
  1044 | D:4      | Reached skill level 3 in Fighting
  1044 | D:4      | Reached XP level 5. HP: 41/41 MP: 5/5
  1066 | D:4      | Identified the +6 chain mail "Varog" {Int+2}
  1075 | D:4      | Reached skill level 4 in Axes
  1211 | D:5      | Found Watresur's Weapon Shoppe.
  1305 | D:6      | Reached skill level 1 in Evocations
  1305 | D:6      | Reached XP level 6. HP: 47/47 MP: 6/6
  1368 | D:6      | Found a hide-covered altar of Uskayaw.
  1381 | D:6      | Reached skill level 3 in Throwing
  1381 | D:6      | Reached skill level 1 in Armour
  1387 | D:6      | Found a blossoming altar of Fedhas.
  1461 | D:6      | Reached skill level 4 in Fighting
  1461 | D:6      | Reached XP level 7. HP: 54/54 MP: 7/7
  1514 | D:5      | Found a hazy altar of Hepliaklqana.
  1615 | D:6      | Reached skill level 2 in Evocations
  1617 | D:6      | Reached skill level 5 in Axes
  1617 | D:6      | Reached skill level 2 in Armour
  1645 | D:6      | Found a glowing silver altar of Zin.
  1668 | D:7      | Noticed a steam dragon
  1688 | D:7      | Killed a steam dragon
  1689 | D:7      | Reached XP level 8. HP: 53/61 MP: 8/8
  1724 | D:7      | Reached skill level 5 in Fighting
  1803 | D:7      | Found a radiant altar of Vehumet.
  1830 | D:8      | Found Loggoq's Luxury Loot.
  1856 | D:8      | Reached skill level 4 in Throwing
  1856 | D:8      | Reached skill level 3 in Evocations
  2023 | D:8      | Reached skill level 6 in Axes
  2025 | D:8      | Reached skill level 3 in Armour
  2148 | D:8      | Found a snail-covered altar of Cheibriados.
  2230 | D:9      | Reached skill level 6 in Fighting
  2230 | D:9      | Reached XP level 9. HP: 69/69 MP: 9/9
  2230 | D:9      | Reached ** piety under Trog
  2283 | D:9      | Noticed Psyche
  2406 | D:9      | Killed Psyche
  2407 | D:9      | Reached skill level 7 in Axes
  2407 | D:9      | Reached skill level 4 in Evocations
  2453 | D:9      | Reached skill level 4 in Armour
  2547 | D:9      | Found an opulent altar of Gozag.
  2547 | D:9      | Found an iron altar of Okawaru.
  2571 | D:9      | Reached skill level 7 in Fighting
  2721 | D:9      | Noticed a hornet
  2728 | D:9      | Killed a hornet
  2779 | D:9      | Reached XP level 10. HP: 54/79 MP: 10/10
  2786 | D:9      | Reached skill level 8 in Axes
  2848 | D:10     | Entered Level 10 of the Dungeon
  2871 | D:10     | Noticed a death yak
  2888 | D:10     | Reached skill level 5 in Evocations
  2898 | D:10     | Killed a death yak
  2899 | D:10     | Reached skill level 8 in Fighting
  2899 | D:10     | Reached skill level 5 in Armour
  2909 | D:10     | Noticed a death yak
  2909 | D:10     | Noticed a death yak
  2909 | D:10     | Noticed a death yak
  2909 | D:10     | Noticed a death yak
  2925 | D:10     | cancellation doesn't remove -berserk
  2925 | D:10     | bullshit
  2925 | D:10     | is cancellation really that common
  2928 | D:10     | HP: 14/81 [death yak (13)]
  2930 | D:10     | Quit the game

Illustrated notes +##+##+ #..#.. #..#'###+# #..#.....# +..'..@..+ #..#.....# #..#+###+# #..#.....# +##'##+ #.....# #.....# # #.###'##+# .# #...'.#..# ###.# Turn 479 on D:3: trog's fine too, fuck it

......Y.#.....#
...Y...#Y....#
...YY.Y#.....#
.#.....#Y....#
..Y....#Y....#
.......#Y....#
.#######YY...#
.#.....Y.....#
.......@.....#
.............#
.............#
#######+###..#
..# ..# #


Turn 2925 on D:10: cancellation doesn't remove -berserk

Levels and vault maps discovered:
D:1:      minmay_arrival_plants_in_alcoves, layout_rooms,
          dreamdust_ecumenical_altar_angels_and_demons, minmay_fountain_box,
          chequers_arboretum, roderic_cross_of_infinity
D:2:      layout_basic
D:3:      layout_basic, mainiacjoe_overflow_24_doors
D:4:      layout_basic
D:5:      layout_basic, nicolae_elyvilon_temple_path,
          mainiacjoe_overflow_alcove_1, minmay_temple_entry_nine_rooms,
          serial_shops, nicolae_shop_bloodbath_and_beyond, minmay_pentangle,
          uniq_menkaure
D:6:      layout_rooms, nicolae_tso_swordbearing_angel, zin_statuary,
          fedhas_altar_2, mainiacjoe_overflow_chevrons, solitary_fountain,
          uniq_crazy_yiuf_cottage
D:7:      layout_cave_pools, fiery_altar_vehumet, makhleb_grotto_becter,
          grunt_decor_mini_mirrors
D:8:      layout_loops_ring, slow_altar_1, grunt_ministairs_4,
          nicolae_alphabet_shops
D:9:      layout_loops_corners, gammafunk_temple_overflow_elements,
          minmay_three_doors, uniq_psyche
D:10:     layout_irregular_city, nicolae_qazlal_general_emergency,
          dpeg_lair_monsters, uniq_maggie

Skill      XL: |  1  2  3  4  5  6  7  8  9 10 |
---------------+-------------------------------+-----
Fighting       | 3 4 6 7 8 |  8.3
Axes           | 4 5 6 7 8 |  8.6
Evocations     | 1 2 3 4 5 |  5.3
Throwing       | 3 4 |  4.0
Armour         | 1 2 3 4 5 |  5.1
Dodging        | |  3.5

Action                   |  1- 3 |  4- 6 |  7- 9 | 10-12 || total
-------------------------+-------+-------+-------+-------++-------
Melee: War axe           |    64 |    62 |   242 |    24 ||   392
       Punch             |     2 |       |     4 |       ||     6
Throw: Throwing net      |     3 |     1 |     1 |       ||     5
       Dart              |       |    23 |    11 |       ||    34
       Javelin           |       |       |     2 |       ||     2
Invok: Berserk           |       |     2 |    11 |     1 ||    14
       Trog's Hand       |       |       |       |     2 ||     2
Evoke: Wand              |       |     1 |     4 |     1 ||     6
  Use: Potion            |       |       |     2 |     3 ||     5
       Scroll            |       |       |     4 |       ||     4
 Stab: Sleeping          |     1 |       |       |       ||     1
       Paralysed         |       |     6 |     6 |       ||    12
Armor: Leather armour    |    11 |       |       |       ||    11
       Ring mail         |     2 |    14 |       |       ||    16
       Chain mail        |       |    14 |   192 |    18 ||   224
Dodge: Dodged            |    43 |    35 |   113 |    11 ||   202

Table legend: (Time is in decaauts)
 A = Elapsed time spent in this place.
 B = Non-inter-level travel time spent in this place.
 C = Inter-level travel time spent in this place.
 D = Time resting spent in this place.
 E = Time spent auto-exploring this place.
 F = Levels seen in this place.
 G = Mean time per level.
                   A        B        C        D        E       F      G
               +--------+--------+--------+--------+--------+-----+--------+
         Total |   3143 |   2989 |    154 |     37 |    153 |  10 |  314.3 |
       Dungeon |   3143 |   2989 |    154 |     37 |    153 |  10 |  314.3 |
               +--------+--------+--------+--------+--------+-----+--------+

Top non-repeatable levels by time:
     D:9: 536 daAuts
     D:8: 461 daAuts
     D:4: 401 daAuts
     D:6: 366 daAuts
     D:2: 343 daAuts
     D:7: 316 daAuts
     D:3: 284 daAuts
     D:5: 225 daAuts
     D:1: 124 daAuts
    D:10: 84 daAuts
